 Dungeon Crawl Stone Soup version 0.29-a0-19-gef7f3e67aa (webtiles) character file.

Game seed: 14392675479513651309

346644 brandma555 the Executioner (level 21, -1/211 HPs)
             Began as a Minotaur Fighter on Jan 29, 2022.
             Was the Champion of Okawaru.
             Killed by divine providence
             ... invoked by a deep elf high priest
              (12 damage)
             ... on level 5 of the Vaults.
             The game lasted 02:51:01 (42164 turns).

brandma555 the Executioner (Minotaur Fighter)      Turns: 42164, Time: 02:51:02

Health: -1/211     AC: 48    Str: 31    XL:     21   Next: 50%
Magic:  22/25      EV: 15    Int:  7    God:    Okawaru [******]
Gold:   3032       SH:  0    Dex: 19    Spells: 20/20 levels left

rFire   + + .      SeeInvis .   v - +7 executioner's axe of Cownourr {vorpal, MP-9 Dex+5}
rCold   + . .      Faith    .   (shield currently unavailable)
rNeg    + + .      Spirit   .   R - +9 crystal plate armour of Impressiveness {Contam rN++ Dex+2}
rPois   +          Reflect  .   A - +2 hat "Miss" {rPois Slay+3}
rElec   .          Harm     .   W - +0 cloak
rCorr   +          Rampage  .   c - +0 pair of gloves
Will    +....                   e - +0 pair of boots
Stlth   ..........              l - amulet "Rutakh" {rC++ Regen+}
HPRegen 1.25/turn               t - ring "Eluawo" {Fire rCorr Int-2 Dex+3}
MPRegen 0.19/turn               y - ring "Imeseijue" {rF+ MP+9 Str-2 Int+4}

@: confused, heroic, finesse-ful, ambrosia-drunk, marked, hasted, constricted,
invisible, very quick
A: horns 2, retaliatory headbutt
}: 1/15 runes: gossamer
a: Renounce Religion, Heroism, Finesse, Duel


You were on level 5 of the Vaults.
You worshipped Okawaru.
Okawaru was exalted by your worship.
You visited 7 branches of the dungeon, and saw 34 of its levels.
You visited the Abyss 1 time.
You visited 1 bazaar.
You also visited: Sewer and Ossuary.

You collected 3582 gold pieces.
You spent 550 gold pieces at shops.

Inventory:

Hand Weapons
 h - the +5 executioner's axe "Sagibu" {flame, rF+ SInv}
   (Okawaru gifted it to you on level 4 of the Vaults)

   It burns those it strikes, dealing additional fire damage.
   Big, fiery blades are also staple armaments of hydra-hunters.
   rF:        It protects you from fire.
   SInv:      It lets you see invisible.
 v - the +7 executioner's axe of Cownourr (weapon) {vorpal, MP-9 Dex+5}
   (Okawaru gifted it to you on level 6 of the Lair of Beasts)

   It inflicts extra damage upon your enemies.
   Dex:       It affects your dexterity (+5).
   MP:        It affects your magic capacity (-9).
 Z - a +0 broad axe of flaming
Missiles
 g - 13 javelins (quivered)
 k - 11 silver javelins
 n - 5 silver boomerangs
Armour
 c - a +0 pair of gloves (worn)
 e - a +0 pair of boots (worn)
 o - a +0 tower shield
 s - a +0 kite shield
 A - the +2 hat "Miss" (worn) {rPois Slay+3}
   (Okawaru gifted it to you on level 6 of the Lair of Beasts)

   Slay:      It affects your accuracy & damage with ranged weapons and melee
   (+3).
   rPois:     It protects you from poison.
 R - the +9 crystal plate armour of Impressiveness (worn) {Contam rN++ Dex+2}
   (Okawaru gifted it to you on level 1 of the Lair of Beasts)

   Dex:       It affects your dexterity (+2).
   rN:        It greatly protects you from negative energy.
   Contam:    It causes magical contamination when unequipped.
 W - a +0 cloak (worn)
Jewellery
 l - the amulet "Rutakh" (around neck) {rC++ Regen+}
   (You found it on level 15 of the Dungeon)

   [amulet of regeneration]

   rC:        It greatly protects you from cold.
   Regen:     It increases your rate of health regeneration.
 m - a ring of flight
 t - the ring "Eluawo" (left hand) {Fire rCorr Int-2 Dex+3}
   (You found it on level 12 of the Dungeon)

   [ring of fire]

   It enhances your fire magic.
   Int:       It affects your intelligence (-2).
   Dex:       It affects your dexterity (+3).
   rF:        It protects you from fire.
   rC:        It makes you vulnerable to cold.
   rCorr:     It protects you from acid and corrosion.
 y - the ring "Imeseijue" (right hand) {rF+ MP+9 Str-2 Int+4}
   (You found it on level 8 of the Dungeon)

   [ring of magical power]

   Str:       It affects your strength (-2).
   Int:       It affects your intelligence (+4).
   rF:        It protects you from fire.
   MP:        It affects your magic capacity (+9).
 F - a ring of positive energy
 J - a ring of fire
 O - a ring of protection from cold
 Q - a ring of positive energy
 T - a ring of protection from cold
Wands
 a - a wand of acid (1)
 j - a wand of paralysis (8)
 u - a wand of mindburst (14)
 B - a wand of iceblast (29)
Scrolls
 b - a scroll of fog
 r - 15 scrolls of teleportation
 x - 2 scrolls of blinking
 G - 2 scrolls of magic mapping
 H - 2 scrolls of holy word
 K - 13 scrolls of identify
 M - 5 scrolls of immolation
 N - 3 scrolls of silence
 S - 3 scrolls of amnesia
 U - 6 scrolls of fear
 X - 5 scrolls of enchant armour
 Y - a scroll of acquirement
Potions
 d - 6 potions of might
 f - 11 potions of haste
 i - 10 potions of curing
 p - 2 potions of resistance
 q - 2 potions of invisibility
 z - 4 potions of cancellation
 C - a potion of magic
 D - 8 potions of flight
 E - 3 potions of berserk rage
 I - 4 potions of heal wounds
 V - 3 potions of ambrosia


   Skills:
 + Level 23.3(27) Fighting
 - Level 24.0(27) Axes
 - Level 10.0(15.0) Throwing
 + Level 21.2(26.2) Armour
 - Level 15.0(20.0) Dodging
 - Level 5.0(10.0) Shields
 * Level 7.6 Invocations
 - Level 2.0 Evocations


You had 20 spell levels left.
You didn't know any spells.
Your spell library contained the following spells:

 Spells                   Type           Power      Damage    Failure   Level
 Apportation              Tloc           0%         N/A       94%         1
 Beastly Appendage        Tmut           0%         N/A       94%         1
 Pain                     Necr           0%         1d4       94%         1
 Shock                    Conj/Air       0%         1d3       94%         1
 Sting                    Tmut/Pois      0%         1d3       94%         1
 Blink                    Tloc           0%         N/A       98%         2
 Poisonous Vapours        Pois/Air       0%         N/A       98%         2
 Scorch                   Fire           0%         2d5       98%         2
 Wereblood                Tmut           0%         N/A       98%         2
 Confusing Touch          Hex            0%         N/A       100%        3
 Dazzling Flash           Conj/Hex       0%         N/A       100%        3
 Lesser Beckoning         Tloc           0%         N/A       100%        3
 Portal Projectile        Hex/Tloc       0%         N/A       100%        3
 Spider Form              Tmut/Pois      0%         N/A       100%        3
 Swiftness                Air            0%         N/A       100%        3
 Airstrike                Air            0%         N/A       100%        4
 Flame Wave               Conj/Fire      0%         2d4       100%        4
 Fulminant Prism          Conj/Hex       0%         3d6       100%        4
 Iskenderun's Mystic Bla  Conj/Tloc      0%         2d3       100%        4
 Leda's Liquefaction      Hex/Erth       0%         N/A       100%        4
 Olgreb's Toxic Radiance  Pois           0%         N/A       100%        4
 Passage of Golubria      Tloc           0%         N/A       100%        4
 Agony                    Necr           0%         N/A       100%        5
 Excruciating Wounds      Necr           0%         N/A       100%        5
 Lee's Rapid Deconstruct  Erth           0%         3d5*      100%        5
 Lightning Bolt           Conj/Air       0%         1d11      100%        5
 Manifold Assault         Tloc           0%         N/A       100%        5
 Yara's Violent Unravell  Hex/Tmut       0%         3d3       100%        5
 Starburst                Conj/Fire      0%         6d3       100%        6
 Enfeeble                 Hex            0%         N/A       100%        7
 Orb of Destruction       Conj           0%         9d5       100%        7
 Storm Form               Tmut/Air       0%         N/A       100%        7
 Maxwell's Capacitive Co  Air            0%         ∞         100%        8
 Animate Skeleton         Necr           Unusable   N/A       N/A         1
 Summon Small Mammal      Summ           Unusable   N/A       N/A         1
 Call Canine Familiar     Summ           Unusable   N/A       N/A         3
 Summon Guardian Golem    Hex/Summ       Unusable   N/A       N/A         3
 Tukima's Dance           Hex            Unusable   N/A       N/A         3
 Summon Lightning Spire   Summ/Air       Unusable   N/A       N/A         4
 Summon Cactus Giant      Summ           Unusable   N/A       N/A         6
 Spellforged Servitor     Conj/Summ      Unusable   N/A       N/A         7

Dungeon Overview and Level Annotations

Branches:
Dungeon (15/15)            Temple (1/1) D:5            Lair (6/6) D:8
 Shoals (0/4) Lair:4       Spider (4/4) Lair:2        Slime (0/5) Lair:6
    Orc (2/2) D:9             Elf (1/3) Orc:2        Vaults (5/5) D:14
  Crypt (0/3) Vaults:2     Depths (0/4) D:15          Sewer (visited)
Ossuary (visited)

Altars:
Ashenzari
Cheibriados
Dithmenos
Elyvilon
Fedhas
Gozag
Hepliaklqana
Kikubaaqudgha
Makhleb
Nemelex Xobeh
Okawaru
Qazlal
Ru
Sif Muna
Trog
Uskayaw
Vehumet
Wu Jian
Xom
Yredelemnul
Zin
The Shining One
Beogh
Jiyva
Lugonu

Shops:
D:6 *   Orc:1 *   Orc:2 =[([   Elf:1 ?(

Portals:
Abyss: D:12 Lair:6
Trove: Vaults:2 (give 8 scrolls of fog)

Annotations:
D:6 1 runed translucent door


Innate Abilities, Weirdness & Mutations

You have a pair of horns on your head.
You reflexively headbutt those who attack you in melee.


Message History

The tentacled monstrosity constricts you.
The cyan very ugly thing closely misses you.
You feel much better. The cyan ugly thing barely misses you.
The storm dragon bites you!
* * * LOW HITPOINT WARNING * * *
The storm dragon misses you. The storm dragon closely misses you.
The vault guard misses you. The stone giant hits you.
* * * LOW HITPOINT WARNING * * *
The tentacled monstrosity tentacle-slaps you.
* * * LOW HITPOINT WARNING * * *
The tentacled monstrosity completely misses you. x2
The tentacled monstrosity constricts you.
The cyan very ugly thing barely misses you.
You furiously retaliate!
You headbutt the cyan very ugly thing!
You kill the cyan very ugly thing!
Okawaru accepts your kill.
You feel yourself speed up. The storm dragon misses you.
The storm dragon barely misses you.
The storm dragon tramples you but does no damage.
The cyan ugly thing misses you. You furiously retaliate!
You headbutt the cyan ugly thing!
The vault warden hits you but does no damage.
The vault guard hits you but does no damage.
The stone giant closely misses you. You furiously retaliate!
You headbutt the stone giant!
The tentacled monstrosity tentacle-slaps you but does no damage.
The tentacled monstrosity barely misses you.
The tentacled monstrosity tentacle-slaps you but does no damage.
The tentacled monstrosity constricts you!
* * * LOW HITPOINT WARNING * * *
You are confused.
You feel invigorated. The storm dragon bites you.
* * * LOW HITPOINT WARNING * * *
The storm dragon barely misses you.
The storm dragon tramples you but does no damage.
The cyan ugly thing claws you but does no damage.
A deep elf high priest comes into view. It is wielding a +0 long sword.
The deep elf high priest calls down the wrath of its god upon you.
Something smites you!
You die...

##### ####?(}#
####...u.=#
####....D@Ce.#
###.......)†X..#
........####ppc# #..#
.....####...XC.# #...
..##
#.p.......#..W.#..###
......###X#....#.....
...####. W#....#....
## ..!e#....#D.####.
..W.#..W3#X......


You could see 3 tentacled monstrosities, a storm dragon, a stone giant, a vault
warden, a yaktaur captain, a vault guard, a cyan ugly thing, an ettin, 2 deep
elf high priests and a phantasmal warrior.

Vanquished Creatures
  Sojobo (Vaults:4)
  A golden dragon (Vaults:5)
  Arachne (Spider:2)
  A tentacled monstrosity (Vaults:5)
  Rupert (Lair:6)
  3 liches
  Frances (D:12)
  Gastronok (Lair:3)
  4 tentacled starspawn (Abyss:2)
  3 sphinxes
  Agnes (Spider:3)
  5 tengu reavers
  The ghost of floatboth the Brawler, an adept TrWr of Okawaru (Spider:1)
  A shadow dragon (Vaults:5)
  6 ghost moths
  8 emperor scorpions
  3 frost giants
  14 vault wardens
  2 orc warlords
  18 ironbound preservers
  7 very ugly things
  A stone giant (Vaults:5)
  A broodmother (Spider:2)
  9 ironbound thunderhulks
  3 deep elf demonologists
  Nessos (D:14)
  4 starcursed masses (Abyss:2)
  12 dire elephants
  A deep elf annihilator (Vaults:5)
  2 entropy weavers
  Snorg (D:14)
  A spark wasp (Spider:3)
  2 ettins (Vaults:4)
  A deep elf death mage (Vaults:2)
  A great orb of eyes (D:12)
  5 yaktaur captains
  The ghost of Kuff the Summoner, a journeyman OpSu of Yredelemnul (D:12)
  3 boulder beetles
  5 hydras
  32 vault guards
  3 jorogumos
  4 ironbound frosthearts
  6 death yaks (Lair:6)
  8 two-headed ogres
  A peacekeeper (Vaults:3)
  8 centaur warriors
  A catoblepas (Lair:5)
  A radroach (Spider:1)
  7 dancing weapons (Elf:1)
  3 death knights
  3 thrashing horrors (Lair:6)
  4 tengu warriors
  A deep troll earth mage (Vaults:5)
  A vampire mage (Vaults:1)
  3 wretched stars (Abyss:2)
  3 deep elf knights (Elf:1)
  A sun moth (Spider:4)
  5 skeletal warriors (D:11)
  47 deep trolls
  A swamp dragon (shapeshifter) (Vaults:3)
  A spatial maelstrom (Abyss:2)
  5 orb spiders
  3 steelbarb worms
  A death drake (shapeshifter) (Vaults:4)
  3 glowing orange brains
  6 lindwurms
  6 wizards
  A flayed ghost (Vaults:5)
  5 deep elf archers (Elf:1)
  5 harpies (Vaults:1)
  7 deep elf pyromancers
  A bunyip skeleton (Abyss:2)
  12 deep elf zephyrmancers (Elf:1)
  A necromancer (D:14)
  21 ironbound convokers
  4 phantasmal warriors
  9 orc sorcerers
  15 orc knights
  4 oklob plants (Lair:6)
  24 ugly things
  16 wolf spiders
  3 manticores
  A faun (shapeshifter) (Vaults:5)
  2 worldbinders
  5 cyclopes
  3 merfolk sirens (Lair:4)
  4 large abominations
  2 moths of wrath (Spider:2)
  26 elephants
  5 black mambas
  14 vault sentinels
  7 torpor snails
  Maggie (D:6)
  A cane toad (shapeshifter) (Lair:6)
  A smoke demon (Abyss:2)
  10 cane toads
  2 gargoyles
  3 kobold demonologists (D:10)
  4 demonic crawlers
  6 rime drakes
  An unseen horror (D:12)
  26 yaktaurs
  4 freezing wraiths
  8 komodo dragons
  3 tengu conjurers (D:14)
  A rime drake (shapeshifter) (D:12)
  An efreet (D:13)
  6 meliai
  A guardian mummy (Vaults:2)
  3 hornets (Spider:3)
  Grinder (D:5)
  A polar bear (Lair:5)
  6 trolls
  An ancient zyme (Lair:6)
  22 blink frogs
  A wolf spider simulacrum (D:14)
  20 tarantellas
  A harpy skeleton (Abyss:2)
  31 slime creatures
  4 dream sheep (Lair:4)
  30 culicivoras
  2 vampires (D:12)
  2 spriggans (Lair:6)
  4 air elementals (Elf:1)
  20 jumping spiders
  Sigmund (D:2)
  3 ynoxinuls (Lair:6)
  4 wyverns
  A centaur simulacrum (D:15)
  5 wraiths
  19 humans (D:14)
  4 basilisks
  A human (shapeshifter) (Lair:6)
  3 chaos spawn (Lair:6)
  50 yaks
  3 fire elementals (Elf:1)
  2 golden eyes (Abyss:2)
  40 redbacks
  A steam dragon (D:8)
  9 wargs
  19 water moccasins
  A floating eye (Lair:6)
  36 orc warriors
  2 sky beasts
  3 black bears
  A hornet zombie (D:7)
  A necrophage (D:4)
  4 ogres
  18 wolves
  3 boggarts (Vaults:1)
  12 centaurs
  A phantom (D:6)
  Blork the orc (D:5)
  3 scorpions
  A wyvern zombie (D:8)
  22 bullfrogs
  2 gnoll sergeants
  2 kobold brigands
  3 earth elementals (Elf:1)
  A wyvern skeleton (D:5)
  A water moccasin skeleton (D:7)
  4 killer bees (D:10)
  19 small abominations
  2 electric eels
  3 wights (D:6)
  3 howler monkeys
  A centaur zombie (D:8)
  A human zombie (Ossuary)
  Crazy Yiuf (D:5)
  2 gnoll shamans
  14 orc priests
  6 jellies
  2 bullfrog skeletons
  3 centaur skeletons
  An iguana (D:4)
  45 orc wizards
  A killer bee zombie (D:4)
  The ghost of fly the Sneak, a weakling FoDe (D:6)
  A hound skeleton (D:5)
  5 mummies (Ossuary)
  8 adders
  27 gnolls
  A river rat (D:6)
  A shadow imp (D:5)
  3 white imps (D:5)
  An ufetubus (Abyss:2)
  An adder skeleton (D:4)
  3 worms (Sewer)
  2 dart slugs
  109 orcs
  6 ball pythons
  11 endoplasms
  A giant cockroach (D:3)
  A gnoll zombie (Ossuary)
  2 goblins
  4 hobgoblins
  9 quokkas
  3 bats
  6 frilled lizards
  3 goblin zombies (Ossuary)
  3 hobgoblin zombies (Ossuary)
  19 kobolds
  8 rats
  A starspawn tentacle (Abyss:2)
1361 creatures vanquished.

Vanquished Creatures (others)
  A ghost moth (Spider:4)
  A vault warden (Vaults:5)
  A scorpion (D:4)
  36 fungi
  A lurking horror (D:12)
  61 plants
  12 starspawn tentacles (Abyss:2)
  5 toadstools (D:10)
118 creatures vanquished.

Grand Total: 1479 creatures vanquished

Notes
Turn   | Place    | Note
-------+----------+-------------------------------------------
     0 | D:1      | brandma555 the Minotaur Fighter began the quest for the
                  | Orb.
     0 | D:1      | Reached XP level 1. HP: 19/19 MP: 0/0
   299 | D:1      | Reached XP level 2. HP: 27/27 MP: 1/1
  1116 | D:2      | Noticed Sigmund
  1123 | D:2      | Killed Sigmund
  1124 | D:2      | Reached skill level 6 in Axes
  1124 | D:2      | Reached XP level 3. HP: 33/33 MP: 2/2
  1124 | D:2      | Reached XP level 4. HP: 40/40 MP: 3/3
  1124 | D:2      | Reached XP level 5. HP: 46/46 MP: 4/4
  1130 | D:2      | Found a faded altar of an unknown god.
  2024 | D:3      | Found a glowing golden altar of the Shining One.
  2024 | D:3      | Found a shimmering blue altar of Sif Muna.
  2117 | D:3      | Reached XP level 6. HP: 34/53 MP: 5/5
  2287 | D:3      | Reached skill level 7 in Axes
  2430 | D:3      | Found a glowing drain.
  2445 | Sewer    | Entered a sewer
  2613 | Sewer    | Reached skill level 5 in Fighting
  2741 | Sewer    | Reached skill level 14 in Axes
  2741 | Sewer    | Reached XP level 7. HP: 71/71 MP: 6/6
  3001 | D:4      | Reached skill level 10 in Fighting
  3074 | D:4      | Reached XP level 8. HP: 52/79 MP: 7/7
  3230 | D:4      | Found a hide-covered altar of Uskayaw.
  3657 | D:5      | Entered Level 5 of the Dungeon
  3840 | D:5      | Noticed Blork the orc
  3851 | D:5      | Killed Blork the orc
  4237 | D:5      | Found a staircase to the Ecumenical Temple.
  4240 | D:5      | Noticed Grinder
  4246 | D:5      | Paralysed by Grinder for 4 turns
  4250 | Temple   | Entered the Ecumenical Temple
  4274 | Temple   | Became a worshipper of Warmaster Okawaru
  4400 | D:5      | Paralysed by Grinder for 3 turns
  4417 | D:5      | Killed Grinder
  4689 | D:5      | Found a runed translucent door.
  4690 | D:5      | Noticed Crazy Yiuf
  4737 | D:5      | Reached * piety under Okawaru
  4937 | D:5      | Killed Crazy Yiuf
  5099 | D:6      | Found a shimmering altar of Xom.
  5157 | D:6      | Reached XP level 9. HP: 51/86 MP: 8/8
  5431 | D:6      | Reached skill level 15 in Axes
  5570 | D:6      | Found Dyligegu's Serpentskin Sales.
  5576 | D:6      | Reached ** piety under Okawaru
  5793 | D:6      | Noticed Maggie
  5811 | D:6      | Killed Maggie
  5811 | D:6      | Reached *** piety under Okawaru
  6014 | D:6      | Found a runed translucent door.
  6016 | D:6      | Noticed fly's ghost (weakling FoDe)
  6094 | D:6      | Found a sacrificial altar of Ru.
  6274 | D:6      | Noticed a gargoyle
  6287 | D:6      | Killed a gargoyle
  6300 | D:6      | Reached skill level 16 in Axes
  6300 | D:6      | Reached XP level 10. HP: 91/95 MP: 9/9
  6448 | D:6      | Found a runed translucent door.
  6582 | D:6      | Killed fly's ghost
  6791 | D:7      | Reached **** piety under Okawaru
  6792 | D:7      | Reached skill level 1 in Throwing
  6792 | D:7      | Reached skill level 1 in Invocations
  7057 | D:7      | Found a shadowy altar of Dithmenos.
  7434 | D:8      | Noticed a two-headed ogre
  7443 | D:8      | Killed a two-headed ogre
  7443 | D:8      | Reached ***** piety under Okawaru
  7539 | D:8      | Identified the +1 leather armour "Gyni" {rF+ Regen+}
  7637 | D:8      | Identified the ring "Imeseijue" {rF+ MP+9 Str-2 Int+4}
  7644 | D:8      | Found a sand-covered staircase.
  7656 | Ossuary  | Entered an ossuary
  8173 | D:8      | Found a staircase to the Lair.
  8378 | Lair:1   | Entered Level 1 of the Lair of Beasts
  8389 | Lair:1   | Noticed a cane toad
  8394 | Lair:1   | Killed a cane toad
  8395 | Lair:1   | Reached skill level 5 in Invocations
  8406 | Lair:1   | Reached XP level 11. HP: 93/105 MP: 11/13
  8569 | Lair:1   | Reached ****** piety under Okawaru
  8662 | Lair:1   | Reached skill level 5 in Shields
  8663 | Lair:1   | Identified the +9 crystal plate armour of Impressiveness
                  | {Contam rN++ Dex+2} (Okawaru gifted it to you on level 1 of
                  | the Lair of Beasts)
  8663 | Lair:1   | Received a gift from Okawaru
  9688 | Lair:2   | Reached skill level 5 in Armour
 10193 | Lair:2   | Found a hole to the Spider Nest.
 11334 | Lair:3   | Reached skill level 17 in Axes
 11438 | Lair:3   | Reached XP level 12. HP: 116/116 MP: 14/14
 11664 | Lair:3   | Noticed Gastronok
 11677 | Lair:3   | Killed Gastronok
 12039 | Lair:3   | Received a gift from Okawaru
 12062 | Lair:3   | Reached skill level 10 in Armour
 12546 | Lair:4   | Noticed an eight-headed hydra
 12558 | Lair:4   | Killed an eight-headed hydra
 12558 | Lair:4   | Received a gift from Okawaru
 13135 | Lair:4   | Found a staircase to the Shoals.
 13157 | Lair:4   | Reached skill level 15 in Fighting
 13170 | Lair:4   | Identified the -6 pair of boots of Bedevilment {rPois rF++
                  | rCorr Str-5} (Okawaru gifted it to you on level 4 of the
                  | Lair of Beasts)
 13170 | Lair:4   | Received a gift from Okawaru
 13171 | Lair:4   | Reached XP level 13. HP: 126/126 MP: 15/15
 13499 | Lair:4   | Reached skill level 18 in Axes
 13512 | Lair:4   | Reached skill level 1 in Evocations
 15893 | Lair:6   | Entered Level 6 of the Lair of Beasts
 16028 | Lair:6   | Identified the +7 executioner's axe of Cownourr {vorpal,
                  | MP-9 Dex+5} (Okawaru gifted it to you on level 6 of the
                  | Lair of Beasts)
 16028 | Lair:6   | Received a gift from Okawaru
 16042 | Lair:6   | Found a corrupted altar of Lugonu.
 16042 | Lair:6   | Found a one-way gate to the infinite horrors of the Abyss.
 16129 | Lair:6   | Identified the +2 hat "Miss" {rPois Slay+3} (Okawaru gifted
                  | it to you on level 6 of the Lair of Beasts)
 16129 | Lair:6   | Received a gift from Okawaru
 16130 | Lair:6   | Reached XP level 14. HP: 32/137 MP: 4/16
 16149 | Lair:6   | Reached skill level 15 in Armour
 16766 | Lair:6   | Reached skill level 19 in Axes
 17028 | Lair:6   | Noticed Rupert
 17077 | Lair:6   | Paralysed by Rupert for 5 turns
 17088 | Lair:6   | Paralysed by Rupert for 6 turns
 17760 | D:9      | Found a staircase to the Orcish Mines.
 18418 | Orc:1    | Entered Level 1 of the Orcish Mines
 18558 | Orc:1    | Found Niebam's Assorted Antiques.
 18912 | Orc:2    | Entered Level 2 of the Orcish Mines
 18912 | Orc:2    | Found a staircase to the Elven Halls.
 19020 | Orc:2    | Paralysed by an orc sorcerer for 4 turns
 19071 | Orc:2    | Found Weasud's Armour Shop.
 19165 | Orc:2    | Found Cymiken's Antique Weapon Emporium.
 19167 | Orc:2    | Paralysed by an orc sorcerer for 6 turns
 19278 | Orc:2    | Found Ulonn's Jewellery Emporium.
 19278 | Orc:2    | Found Geip's Armour Shop.
 19285 | Orc:2    | Received a gift from Okawaru
 19823 | Elf:1    | Entered Level 1 of the Elven Halls
 19980 | Elf:1    | Found Jinwa's Weapon Boutique.
 19980 | Elf:1    | Found Qem Woto's Magic Scroll Shop.
 19988 | Elf:1    | Bought a scroll of blinking for 97 gold pieces
 19999 | Elf:1    | Identified the +0 leather armour of Guiveag {rC+ rCorr
                  | Dex-2}
 20004 | Elf:1    | Paralysed by an air elemental for 1 turns
 20005 | Elf:1    | Noticed a balrug
 20006 | Elf:1    | Noticed a Tzitzimitl
 20414 | Elf:1    | Paralysed by an air elemental for 1 turns
 20422 | Elf:1    | Paralysed by an air elemental for 1 turns
 20433 | Elf:1    | Paralysed by an air elemental for 1 turns
 20451 | Elf:1    | Reached XP level 15. HP: 84/147 MP: 4/17
 20453 | Elf:1    | Identified the +5 chain mail of Juiniug {Int+2 Slay+2}
                  | (Okawaru gifted it to you on level 1 of the Elven Halls)
 20453 | Elf:1    | Received a gift from Okawaru
 21575 | Spider:1 | Entered Level 1 of the Spider Nest
 21581 | Spider:1 | Reached skill level 20 in Axes
 22483 | Spider:1 | Noticed floatboth's ghost (adept TrWr)
 22486 | Spider:1 | Found a runed translucent door.
 22871 | Spider:2 | Noticed Arachne
 22891 | Spider:2 | Killed Arachne
 24987 | Spider:3 | Received a gift from Okawaru
 25055 | Spider:3 | Noticed Agnes
 25062 | Spider:3 | Killed Agnes
 25535 | Spider:3 | Noticed an emperor scorpion
 25542 | Spider:3 | Killed an emperor scorpion
 25564 | Spider:3 | Identified the +3 scale mail of Apathy {rElec} (Okawaru
                  | gifted it to you on level 3 of the Spider Nest)
 25564 | Spider:3 | Received a gift from Okawaru
 25610 | Spider:3 | Reached XP level 16. HP: 155/159 MP: 16/18
 26459 | Spider:4 | Entered Level 4 of the Spider Nest
 26876 | Spider:4 | Reached skill level 21 in Axes
 27402 | Spider:4 | Reached skill level 5 in Throwing
 27402 | Spider:4 | Reached XP level 17. HP: 168/168 MP: 19/19
 27403 | Spider:4 | Reached XP level 18. HP: 176/176 MP: 20/20
 27406 | Spider:4 | Got a gossamer rune of Zot
 28751 | Spider:1 | Killed floatboth's ghost
 28981 | D:10     | Entered Level 10 of the Dungeon
 29418 | D:10     | Identified the +8 dagger of Zuiph {flame, Fly rF+ Str+4
                  | Int+3}
 30150 | D:11     | Received a gift from Okawaru
 30391 | D:11     | Received a gift from Okawaru
 30924 | D:12     | Found a transporter.
 30937 | D:12     | Found a transporter.
 30937 | D:12     | Noticed Kuff's ghost (journeyman OpSu)
 30942 | D:12     | Found the amulet of Vitality {Regen+ HP+15}
 31170 | D:12     | Identified the ring "Eluawo" {Fire rCorr Int-2 Dex+3}
 31195 | D:12     | Noticed Frances
 31204 | D:12     | Killed Frances
 31550 | D:12     | Killed Kuff's ghost
 31551 | D:12     | Cast into level 2 of the Abyss (orc knight)
 31986 | D:12     | Escaped the Abyss
 32465 | D:13     | Reached skill level 22 in Axes
 32469 | D:13     | Received a gift from Okawaru
 33013 | D:14     | Noticed Snorg
 33022 | D:14     | Killed Snorg
 33143 | D:14     | Noticed Nessos
 33160 | D:14     | Killed Nessos
 33344 | D:14     | Found a gate to the Vaults.
 33495 | D:14     | Reached skill level 10 in Throwing
 33505 | D:14     | Reached XP level 19. HP: 185/185 MP: 21/21
 33628 | D:14     | Reached skill level 1 in Dodging
 33933 | D:15     | Entered Level 15 of the Dungeon
 34045 | D:15     | Received a gift from Okawaru
 34327 | D:15     | Identified the amulet "Rutakh" {rC++ Regen+}
 34545 | D:15     | Found a staircase to the Depths.
 35107 | Lair:6   | Found a runed translucent door.
 35107 | Lair:6   | Found a viscous altar of Jiyva.
 35108 | Lair:6   | Found a staircase to the Slime Pits.
 35240 | Lair:6   | Killed Rupert
 35560 | Lair:6   | Identified the +2 robe "Duocaed" {rCorr} (Okawaru gifted it
                  | to you on level 6 of the Lair of Beasts)
 35560 | Lair:6   | Received a gift from Okawaru
 36008 | Vaults:1 | Entered Level 1 of the Vaults
 36012 | Vaults:1 | Reached skill level 5 in Dodging
 36349 | Vaults:1 | Paralysed by a sphinx for 5 turns
 37061 | Vaults:1 | Reached skill level 23 in Axes
 37262 | Vaults:1 | Received a gift from Okawaru
 37812 | Vaults:2 | Received a gift from Okawaru
 37886 | Vaults:2 | Received a gift from Okawaru
 37932 | Vaults:2 | Received a gift from Okawaru
 38004 | Vaults:2 | Found a portal to a secret trove of treasure.
 38118 | Vaults:2 | Received a gift from Okawaru
 38119 | Vaults:2 | Reached skill level 10 in Dodging
 38210 | Vaults:2 | Found a staircase to the Crypt.
 38494 | Vaults:2 | Received a gift from Okawaru
 38562 | Vaults:2 | Reached XP level 20. HP: 198/198 MP: 22/22
 39033 | Vaults:3 | Found a flickering gateway to a bazaar.
 39068 | Bazaar   | Entered a bazaar
 39068 | Bazaar   | Found Lezorgh's Magic Scroll Shoppe.
 39068 | Bazaar   | Found Zoed's Weapon Shoppe.
 39068 | Bazaar   | Found Cumits's Antique Armour Emporium.
 39070 | Bazaar   | Found Ytaorin's Weapon Emporium.
 39081 | Bazaar   | Bought a glowing hat for 154 gold pieces
 39081 | Bazaar   | Bought an embroidered hat for 154 gold pieces
 39087 | Bazaar   | Bought a scroll of silence for 75 gold pieces
 39087 | Bazaar   | Bought a scroll of fear for 35 gold pieces
 39087 | Bazaar   | Bought a scroll of fear for 35 gold pieces
 39315 | Vaults:3 | Received a gift from Okawaru
 39990 | Vaults:3 | Received a gift from Okawaru
 40007 | Vaults:3 | Reached skill level 24 in Axes
 40307 | Vaults:4 | Identified the +5 executioner's axe "Sagibu" {flame, rF+
                  | SInv} (Okawaru gifted it to you on level 4 of the Vaults)
 40307 | Vaults:4 | Received a gift from Okawaru
 40318 | Vaults:4 | Identified a scroll of acquirement
 40419 | Vaults:4 | Noticed Sojobo
 40426 | Vaults:4 | Paralysed by an air elemental for 1 turns
 40446 | Vaults:4 | Killed Sojobo
 40644 | Vaults:4 | Identified the +4 trident "Niorenn" {freeze, rPois rC+
                  | Int+2}
 40822 | Vaults:4 | Received a gift from Okawaru
 40887 | Vaults:4 | Received a gift from Okawaru
 40888 | Vaults:4 | Reached XP level 21. HP: 191/209 MP: 23/23
 41699 | Vaults:5 | Entered Level 5 of the Vaults
 41707 | Vaults:4 | Reached skill level 15 in Dodging
 41980 | Vaults:4 | Received a gift from Okawaru
 42095 | Vaults:5 | Received a gift from Okawaru
 42110 | Vaults:5 | Noticed a golden dragon
 42136 | Vaults:5 | Killed a golden dragon
 42163 | Vaults:5 | HP: 10/211 [constriction (9)]
 42164 | Vaults:5 | Killed from afar by a deep elf high priest

Illustrated notes

Levels and vault maps discovered:
D:1:      eino_arrival_cavern_b, layout_basic
D:2:      layout_loops_corners, dreamdust_ecumenical_altar_hidden_monk_grotto,
          wander_ebering_terrifying_dragon_lair, uniq_sigmund
D:3:      minmay_recursive_quarters, layout_rooms,
          gammafunk_temple_overflow_elements, portal_sewer_entry_f,
          minmay_randomly_rotated_circles
D:4:      layout_rooms, nicolae_uskayaw_dance_hall
D:5:      layout_basic, minmay_temple_entry_slanted, nicolae_figureground_pulse,
          uniq_blork_the_orc, uniq_crazy_yiuf_cottage, uniq_grinder
D:6:      layout_loops_ring, overflow_temple_1_default, nicolae_ru_awakened_eye,
          ebering_ghost_sewer_f, minmay_misc_feat_rugged, guppyfry_shop_venom,
          uniq_maggie
D:7:      layout_cave_pools, lemuel_round_altar
D:8:      layout_rooms, grunt_lair_entry_orc_guard_hut, enter_ossuary_1,
          grunt_ministairs_2
D:9:      layout_irregular_city, david_orc_3
D:10:     layout_gridville, minmay_gold_behind_fungi
D:11:     layout_layer_cave, kennysheep_another_room, minmay_misc_feat_alley
D:12:     layout_loops_cross, gammafunk_ghost_abyssal_escape, uniq_frances
D:13:     layout_rooms
D:14:     layout_basic, grunt_vaults_entry_tiered,
          hangedman_abyss_or_decor_lesser_grid, uniq_nessos, uniq_snorg
D:15:     grunt_enter_depths_snipers, layout_basic,
          nicolae_cairo_tiling_large_dashed, corexii_hall_statues_l
Temple:   nicolae_temple_elliptical
Lair:1:   layout_big_grid, infiniplex_staircase_pool_2, grunt_megastairs_2,
          serial_bayou_shore_a
Lair:2:   layout_cave_shapes, hellmonk_spider_entry_life_and_decay,
          serial_bayou_crossing
Lair:3:   layout_hall_layers, nicolae_quartered_pool_medium,
          chequers_serial_rivers_micro_c, uniq_gastronok
Lair:4:   layout_cave_pods, elwin_shoals_entry_rooms, minmay_hedge_maze,
          minmay_lair_drake_nest, lemuel_fruit_fields
Lair:5:   layout_gridlike, grunt_megastairs_5
Lair:6:   hellmonk_lair_end_abyssal_woods, layout_hall_layers, slime_altar_2,
          gauntlet_entry_generic, disabler_island, lemuel_fruit_fields,
          uniq_rupert
Spider:1: layout_cave_pods, hellmonk_ghost_happy_afterlife
Spider:2: layout_spider_delve, uniq_arachne
Spider:3: layout_chambers, guppyfry_hornet_nest, uniq_agnes
Spider:4: grunt_spider_rune_circles
Orc:1:    layout_caves, serial_shops, shop, mines2_david
Orc:2:    st_orc_town, layout_caves, basic_altar, minmay_orc_temple_b
Elf:1:    elf_arrival_002, layout_rooms, minmay_elf_demonology, evilmike_ambush
          [evilmike_ambush_outer_pillars, evilmike_ambush_inner_pond],
          minmay_shoptagon
Vaults:1: vaults_room_door_hall, grunt_vaults_funnel, v_alt_pattern_2,
          nicolae_vaults_stairing_the_circle, grunt_vaults_trifunnel, v_misc_12,
          v_misc_16, special_room_vaults [special_room_orc],
          vaults_room_ringed_pool, v_misc_8, ontoclasm_vaults_decontamination,
          layout_vaults_omnicross
Vaults:2: v_misc_18, nicolae_vaults_circle_grid_a, vaults_mumra_hex,
          hangedman_vaults_impose, nicolae_vaults_hallways_thing,
          v_alt_pattern_1, v_rooms_4, minmay_crypt_entry_simple_round,
          nicolae_vaults_yaktaur_gun_rack, vaults_room_corners, v_alt_pattern_3,
          vaults_standard_mumra_enter_the_diamond, vaults_room_hallway,
          vaults_room_pool, layout_vaults_omnibox, serial_glass,
          nicolae_trove_entry_path_of_doom
Vaults:3: nicolae_vaults_theta, nicolae_vaults_network_square,
          hangedman_vaults_stitches, dpeg_vaults_monster_box, v_misc_4,
          st_spiral_rooms, vaults_room_door_ring, vaults_room_fancy_cross,
          v_pattern_2, vaults_mumra_hexcomb, layout_vaults_ring, serial_shops,
          bzr_entry_gold
Vaults:4: v_misc_11, v_misc_2, v_misc_2, nicolae_vaults_little_squares_3,
          dpeg_vaults_monster_row, grunt_vaults_focal, layout_vaults_omnigrid,
          uniq_sojobo
Vaults:5: uniq_saint_roka

Skill      XL: |  1  2  3  4  5  6  7  8  9 10 11 12 13 14 15 16 17 18 19 20 21 |
---------------+----------------------------------------------------------------+-----
Armour         | 4 8 12 14 17 19 20 21 | 21.2
Fighting       | 4 9 10 11 12 13 15 16 17 18 19 20 21 22 23 | 23.3
Axes           | 6 14 16 17 18 19 20 21 22 23 24 | 24.0
Shields        | 4 5 |  5.0
Throwing       | 1 5 6 10 | 10.0
Invocations    | 5 7 |  7.6
Evocations     | 2 |  2.0
Dodging        | 10 14 15 | 15.0

Action                   |  1- 3 |  4- 6 |  7- 9 | 10-12 | 13-15 | 16-18 | 19-21 || total
-------------------------+-------+-------+-------+-------+-------+-------+-------++-------
Melee: War axe           |    37 |   126 |   214 |       |       |       |       ||   377
       Headbutt          |     4 |    12 |    40 |    68 |   164 |   132 |   213 ||   633
       Battleaxe         |       |       |       |   377 |   212 |       |       ||   589
       Executioner's axe |       |       |       |       |   619 |   483 |   809 ||  1911
       Broad axe         |       |       |       |       |       |    13 |       ||    13
Throw: Boomerang         |       |       |       |    17 |   146 |       |     9 ||   172
       Javelin           |       |       |       |     2 |    14 |     2 |    32 ||    50
       Throwing net      |       |       |       |       |       |       |     2 ||     2
Invok: Heroism           |       |       |     2 |     6 |    13 |     4 |     4 ||    29
       Finesse           |       |       |       |     1 |     6 |       |     3 ||    10
Evoke: Wand              |       |       |       |    14 |    10 |     1 |       ||    25
  Use: Scroll            |       |     6 |       |     6 |    12 |     1 |     8 ||    33
       Potion            |       |     1 |       |       |     2 |     4 |    10 ||    17
 Stab: Sleeping          |       |       |       |       |     1 |       |       ||     1
       Invisible         |       |       |       |       |       |       |     2 ||     2
Armor: Scale mail        |    15 |    32 |       |       |       |       |       ||    47
       Chain mail        |       |       |    36 |       |       |       |       ||    36
       Acid dragon scale |       |       |     5 |    30 |       |       |       ||    35
       Crystal plate arm |       |       |       |   197 |   691 |   503 |   635 ||  2026
Dodge: Dodged            |    18 |    69 |   108 |   217 |   373 |   236 |   418 ||  1439
Block: Buckler           |     8 |    17 |    27 |       |       |       |       ||    52

Table legend: (Time is in decaauts)
 A = Elapsed time spent in this place.
 B = Non-inter-level travel time spent in this place.
 C = Inter-level travel time spent in this place.
 D = Time resting spent in this place.
 E = Time spent auto-exploring this place.
 F = Levels seen in this place.
 G = Mean time per level.
                   A        B        C        D        E       F      G
               +--------+--------+--------+--------+--------+-----+--------+
         Total |  41868 |  38678 |   3190 |   4637 |  26145 |  38 | 1101.8 |
       Dungeon |  14100 |  12690 |   1410 |    889 |   9154 |  15 |  940.0 |
        Temple |    148 |    148 |      0 |      0 |    126 |   1 |  148.0 |
          Lair |  10265 |   9302 |    963 |   1841 |   5698 |   6 | 1710.8 |
   Spider Nest |   7256 |   6797 |    459 |    470 |   5336 |   4 | 1814.0 |
  Orcish Mines |   1414 |   1327 |     87 |     64 |    902 |   2 |  707.0 |
   Elven Halls |   1580 |   1545 |     35 |    552 |    837 |   1 | 1580.0 |
        Vaults |   5932 |   5698 |    234 |    670 |   3772 |   5 | 1186.4 |
         Abyss |    399 |    399 |      0 |     25 |      0 |   1 |  399.0 |
        Bazaar |     27 |     27 |      0 |      0 |     10 |   1 |   27.0 |
         Sewer |    411 |    411 |      0 |      0 |    219 |   1 |  411.0 |
       Ossuary |    330 |    330 |      0 |    126 |     89 |   1 |  330.0 |
               +--------+--------+--------+--------+--------+-----+--------+

Top non-repeatable levels by time:
  Lair:5: 2164 daAuts
Spider:4: 1945 daAuts
  Lair:4: 1895 daAuts
Spider:2: 1887 daAuts
  Lair:6: 1792 daAuts
Spider:3: 1771 daAuts
Vaults:1: 1755 daAuts
Vaults:4: 1733 daAuts
  Lair:2: 1710 daAuts
     D:6: 1655 daAuts
Spider:1: 1652 daAuts
   Elf:1: 1580 daAuts
  Lair:1: 1534 daAuts
    D:12: 1298 daAuts
Vaults:3: 1250 daAuts
